 Dungeon Crawl Stone Soup version 0.27-a0-1280-g9d2d252d84 (webtiles) character file.

Game seed: 2629192298755111434

49 Johnny the Digger (level 3, 0/21 HPs)
             Began as a Deep Elf Earth Elementalist on June 13, 2021.
             Slain by a goblin (3 damage)
             ... led by Robin
             ... on level 2 of the Dungeon.
             The game lasted 00:01:27 (1977 turns).

Johnny the Digger (Deep Elf Earth Elementalist)     Turns: 1977, Time: 00:01:27

Health: 0/21       AC:  6    Str:  5    XL:     3   Next: 53%
Magic:  10/10      EV: 12    Int: 20    God:
Gold:   53         SH:  0    Dex: 15    Spells: 8/9 levels left

rFire    . . .     SeeInvis .   e - +4 whip
rCold    . . .     Faith    .   (no shield)
rNeg     . . .     Spirit   .   c - +0 robe
rPois    .         Reflect  .   h - +0 helmet
rElec    .         Harm     .   d - +2 cloak
rCorr    .         Rampage  .   (no gloves)
Will     .....                  (no boots)
Stlth    ++........             (no amulet)
HPRegen  0.07/turn              (no ring)
MPRegen  0.12/turn              (no ring)

@: no status effects
A: no striking features
a: no special abilities


You were on level 2 of the Dungeon.
You visited 1 branch of the dungeon, and saw 2 of its levels.

You collected 53 gold pieces.

Inventory:

Hand Weapons
 e - a +4 whip (weapon)
Armour
 c - a +0 robe (worn)
 d - a +2 cloak (worn)
 h - a +0 helmet (worn)
Scrolls
 a - 3 scrolls of amnesia {unknown}
 b - a scroll of acquirement {unknown}
 i - a scroll of fog {unknown}
 j - 2 scrolls of identify {unknown}
Potions
 f - a potion of lignification {unknown}
 g - a potion of curing {unknown}


   Skills:
 * Level 1.8 Fighting
 - Level 2.4 Dodging
 - Level 2.4 Stealth
 + Level 3.7 Spellcasting
 - Level 1.1 Transmutations
 + Level 3.8 Earth Magic


You had 8 spell levels left.
You knew the following spells:

 Your Spells              Type           Power      Damage    Failure   Level
a - Sandblast             Erth           36%        2d10      2%          1

Your spell library contained the following spells:

 Spells                   Type           Power      Damage    Failure   Level
 Passwall                 Tmut/Erth      10%        N/A       8%          2
 Stone Arrow              Conj/Erth      22%        3d8       19%         3
 Petrify                  Tmut/Erth      13%        N/A       43%         4
 Lee's Rapid Deconstruct  Erth           9%         3d8*      61%         5


Dungeon Overview and Level Annotations

Branches:
Dungeon (2/15)

Altars:
Qazlal

Annotations:
D:2 Robin


Message History

Moving in this stuff is going to be slow.
You enter the shallow water.
Moving in this stuff is going to be slow.
You enter the shallow water.
Moving in this stuff is going to be slow.
Found a pair of gloves.
You enter the shallow water.
Moving in this stuff is going to be slow.
A goblin comes into view. It is wielding a +0 club.
A goblin is nearby! 4 goblins and a hobgoblin come into view.
The goblin shouts!
The hobgoblin shouts!
A goblin comes into view. It is wielding a +0 club.
Robin of the Strong Arm comes into view.
They are wielding a +0 whip.
A ball python comes into view.
The goblin shouts!
The ball python hisses angrily.
You hear a shout!
A hobgoblin comes into view.
A goblin comes into view. It is wielding a +0 club. x2
The goblin shouts!
You completely miss the goblin.
Robin shouts!
The goblin shouts!
Robin roars a battlecry!
The goblins go into a battle-frenzy!
The goblin closely misses you.
You barely miss the goblin.
A goblin comes into view. It is wielding a +0 club.
The goblin hits you but does no damage.
You closely miss the goblin.
The goblin shouts!
Robin throws the goblin at you! The goblin hits you but does no damage.
The goblin hits you with a +0 club. The goblin barely misses you.
Unknown command.
You enter the shallow water.
Moving in this stuff is going to be slow.
The goblin hits you with a +0 club. Robin throws the goblin at you!
The goblin hits you with a +0 club. The goblin misses you.
The goblin hits you with a +0 club.
* * * LOW HITPOINT WARNING * * *
The goblin hits you with a +0 club.
You die...

#..≈≈≈≈..##.#
##≈≈≈≈≈.....#
#.≈≈≈.[###.#
##.≈..≈.# #.#
..≈≈.≈≈.# #.#
###.≈.≈.###.#
##≈≈≈≈≈.....#
##≈≈≈≈≈..#####
≈#≈≈≈≈≈g@.#
≈≈≈≈≈≈≈gg##
######.gg#
......g.g......
......g.gS.....
..#####...g.....
. #....g....
..........
#.........


You could see 2 hobgoblins and 8 goblins.

Vanquished Creatures
  A gnoll (D:1)
  A worm (D:2)
  A bat (D:1)
  2 endoplasms (D:1)
  6 goblins
  5 hobgoblins (D:1)
  3 jackals (D:1)
  2 quokkas (D:2)
  4 ball pythons
  4 kobolds (D:1)
  5 rats
34 creatures vanquished.

Notes
Turn   | Place    | Note
-------+----------+-------------------------------------------
     0 | D:1      | Johnny the Deep Elf Earth Elementalist began the quest for
                  | the Orb.
     0 | D:1      | Reached XP level 1. HP: 10/10 MP: 6/6
   282 | D:1      | Reached XP level 2. HP: 8/16 MP: 0/8
   305 | D:1      | Reached skill level 1 in Fighting
   945 | D:1      | Reached XP level 3. HP: 20/20 MP: 5/10
  1908 | D:2      | Found a stormy altar of Qazlal.
  1971 | D:2      | Noticed Robin
  1977 | D:2      | Slain by a goblin

Illustrated notes

Levels and vault maps discovered:
D:1:      lemuel_arrival_rhombus, layout_basic, hangedman_decor_clover_reticule
D:2:      layout_loops_corners, chequers_ecumenical_altar_simple_redux,
          basic_altar, chequers_serial_rivers_small_a,
          chequers_serial_rivers_large_a, uniq_robin

Skill      XL: |  1  2 |
---------------+-------+-----
Fighting       | 1 |  1.8
Dodging        | |  2.4
Stealth        | |  2.4
Spellcasting   | |  3.7
Transmutations | |  1.1
Earth Magic    | |  3.8

Action                   || total
-------------------------++-------
Melee: Unarmed           ||     7
       Whip              ||    37
 Cast: Sandblast         ||    31
 Stab: Sleeping          ||     3
Armor: Robe              ||    24
Dodge: Dodged            ||    34

Table legend: (Time is in decaauts)
 A = Elapsed time spent in this place.
 B = Non-inter-level travel time spent in this place.
 C = Inter-level travel time spent in this place.
 D = Time resting spent in this place.
 E = Time spent auto-exploring this place.
 F = Levels seen in this place.
 G = Mean time per level.
                   A        B        C        D        E       F      G
               +--------+--------+--------+--------+--------+-----+--------+
         Total |   1984 |   1885 |     99 |    164 |   1463 |   2 |  992.0 |
       Dungeon |   1984 |   1885 |     99 |    164 |   1463 |   2 |  992.0 |
               +--------+--------+--------+--------+--------+-----+--------+

Top non-repeatable levels by time:
     D:1: 1351 daAuts
     D:2: 633 daAuts
